 Dungeon Crawl Stone Soup version 0.31-a0-716-gc7603755dd (webtiles) character file.

Game seed: 18056684031801668065

97 Ordine the Ruffian (level 4, -4/29 HPs)
             Began as an Octopode Shapeshifter on Sept 9, 2023.
             Slain by Crazy Yiuf
             ... wielding a +4 quarterstaff of chaos
              (19 damage)
             ... on level 3 of the Dungeon.
             The game lasted 00:03:47 (2474 turns).

Ordine the Ruffian (Octopode Shapeshifter)          Turns: 2474, Time: 00:03:47

Health: -4/29      AC:  1    Str: 15    XL:     4   Next: 68%
Magic:  4/4        EV: 13    Int: 12    God:
Gold:   152        SH:  0    Dex: 11    Spells: 3/3 levels left

rFire   + .          .
                       - Unarmed
rCold   . . .        (no shield)
rNeg    . . .        (helmet currently unavailable)
rPois   .            (no amulet)
rElec   .            h - ring of protection from fire
rCorr   .            (no ring)
SInv    .            (no ring)
Will    .....        (no ring)
Stlth   +++          (no ring)
HPRegen 0.24/turn    (no ring)
MPRegen 0.09/turn    (no ring)
                     (no ring)

%: no passive effects
@: beast-form
A: beast (slay +1), almost no armour, amphibious, 8 rings, camouflage 1,
gelatinous body 1, (nimble swimmer 1), tentacles
a: Begin Untransformation


You were on level 3 of the Dungeon.
You were a hulking beast.
You visited 1 branch of the dungeon, and saw 3 of its levels.

You collected 152 gold pieces.

Inventory:

Jewellery
 h - a ring of protection from fire (left tentacle)
Talismans
 b - a beast talisman (active)
 c - a flux talisman
 n - a serpent talisman
Scrolls
 d - 3 scrolls of identify {unknown}
 e - a scroll of immolation {unknown}
 g - a scroll of blinking {unknown}
 m - a scroll of acquirement {unknown}
 p - a scroll of fear {unknown}
Potions
 a - a potion of lignification
 f - 3 potions of brilliance {unknown}
 i - a potion of might {unknown}
 j - a potion of heal wounds {unknown}
 k - a potion of invisibility {unknown}
 l - 2 potions of mutation {unknown}
 o - a potion of degeneration {unknown}


   Skills:
 + Level 1.8 Fighting
 + Level 2.6 Dodging
 + Level 2.0 Stealth
 * Level 3.9 Unarmed Combat
 + Level 3.3 Shapeshifting


You had 3 spell levels left.
You didn't know any spells.
Your spell library contained the following spells:

 Spells                   Type           Power      Damage    Failure   Level
 Summon Small Mammal      Summ           0%         N/A       32%         1
 Call Canine Familiar     Summ           0%         N/A       69%         3
 Dazzling Flash           Conj/Hex       0%         N/A       69%         3
 Summon Guardian Golem    Hex/Summ       0%         N/A       69%         3
 Volatile Blastmotes      Fire/Tloc      0%         2d10      69%         3
 Fulminant Prism          Conj/Hex       0%         3d5       97%         4
 Iskenderun's Mystic Bla  Conj/Tloc      0%         2d3       97%         4
 Starburst                Conj/Fire      0%         6d3       100%        6
 Maxwell's Capacitive Co  Air            0%         ∞         100%        8


Dungeon Overview and Level Annotations

Branches:
Dungeon (3/15)

Altars:
Elyvilon
Fedhas
Hepliaklqana
Makhleb
Ru
Trog
Uskayaw
Vehumet
Wu Jian
Yredelemnul
Zin
The Shining One

Annotations:
D:3 Crazy Yiuf


Innate Abilities, Weirdness & Mutations

You are a hulking beast.
Your limbs bulge with bestial killing power. (Slay +1)
You cannot wear most types of armour.
You are amphibious.
You can wear up to eight rings at the same time.
Your skin changes colour to match your surroundings (Stealth+).
Your rubbery body absorbs attacks. (AC +1, EV +1)
((You are camouflaged when in or above water. (Stealth+)))
You have tentacles for arms and can constrict up to eight enemies at once.


Message History

You constrict the dart slug.
You kill the dart slug!
No target in view!
You see here a dart slug corpse.
A dart slug comes into view.
You tentacle-slap the dart slug. You grab the dart slug.
The dart slug is moderately wounded.
You constrict the dart slug. You tentacle-slap the dart slug.
You squeeze the dart slug.
The dart slug is almost dead.
You constrict the dart slug, but do no damage.
The dart slug closely misses you.
You completely miss the dart slug.
The dart slug is almost dead.
You constrict the dart slug.
You kill the dart slug!
No target in view!
No target in view!
You see here a dart slug corpse.
Found a hammer.
Found a runed translucent door.
You open the door.
There is an open translucent door here.
The helpless Crazy Yiuf fails to defend himself.
You bludgeon Crazy Yiuf! You grab Crazy Yiuf.
Crazy Yiuf is heavily wounded.
You constrict Crazy Yiuf.
Crazy Yiuf laughs, "Aardvark!"
Crazy Yiuf hits you with a +4 quarterstaff of chaos!
Crazy Yiuf burns you.
You barely miss Crazy Yiuf.
Crazy Yiuf is severely wounded.
You constrict Crazy Yiuf, but do no damage.
Crazy Yiuf hits you with a +4 quarterstaff of chaos.
Crazy Yiuf draws strength from your wounds!
You tentacle-slap Crazy Yiuf.
Crazy Yiuf is severely wounded.
You constrict Crazy Yiuf.
Crazy Yiuf hits you with a +4 quarterstaff of chaos!!
Ouch! That really hurt!
You die...

♣.P.♣♣ #....# #.
♣♣.♣♣ ####.### #.
♣.♣♣ #...# #.
♣♣.♣ ###.####.
♣.♣♣ #...... ♣♣.♣
#.##### ##'## #.#
# #...# #.#####
#.h.# #......
#.g)# .......
##### ####### ###
### ##.# #.##
##### #.##
##.########...###
#.#
#...............
#.##
##.########...###


You could see Crazy Yiuf.

Vanquished Creatures
  2 adders (D:2)
  4 dart slugs
  An orc (D:3)
  4 ball pythons
  7 endoplasms
  5 giant cockroaches
  6 goblins
  4 hobgoblins
  10 jackals
  3 quokkas
  3 bats
  2 frilled lizards
  7 kobolds
  4 rats
62 creatures vanquished.

Notes
Turn   | Place    | Note
-------+----------+-------------------------------------------
     0 | D:1      | Ordine the Octopode Shapeshifter began the quest for the
                  | Orb.
     0 | D:1      | Reached XP level 1. HP: 13/13 MP: 1/1
   112 | D:1      | Reached XP level 2. HP: 11/18 MP: 2/2
   172 | D:1      | Found a faded altar of an unknown god.
   336 | D:1      | Reached skill level 1 in Stealth
   405 | D:1      | Reached XP level 3. HP: 23/23 MP: 3/3
  1065 | D:2      | Reached XP level 4. HP: 28/28 MP: 4/4
  2081 | D:3      | Found a hazy altar of Hepliaklqana.
  2082 | D:3      | Found an ornate altar of the Wu Jian Council.
  2082 | D:3      | Found a white marble altar of Elyvilon.
  2082 | D:3      | Found a blossoming altar of Fedhas.
  2084 | D:3      | Found a burning altar of Makhleb.
  2084 | D:3      | Found a hide-covered altar of Uskayaw.
  2084 | D:3      | Found a bloodstained altar of Trog.
  2084 | D:3      | Found a basalt altar of Yredelemnul.
  2084 | D:3      | Found a radiant altar of Vehumet.
  2086 | D:3      | Found a glowing silver altar of Zin.
  2086 | D:3      | Found a sacrificial altar of Ru.
  2086 | D:3      | Found a glowing golden altar of the Shining One.
  2464 | D:3      | Found a runed translucent door.
  2465 | D:3      | Noticed Crazy Yiuf
  2474 | D:3      | Slain by Crazy Yiuf

Illustrated notes

Levels and vault maps discovered:
D:1:      tekkud_arrival_beachfront_property, layout_basic, serial_curves,
          eino_curves_04, eino_curves_04,
          dreamdust_ecumenical_altar_angels_and_demons
D:2:      layout_loops_ring, wander_ebering_terrifying_dragon_lair
D:3:      layout_loops_ring, nicolae_overflows_in_rows, uniq_crazy_yiuf_cottage

Skill      XL: |  1  2  3  4 |
---------------+-------------+-----
Stealth        | 1 2 |  2.0
Fighting       | |  1.8
Dodging        | |  2.6
Unarmed Combat | |  3.9
Shapeshifting  | |  3.3

Action                     |  1- 3 |  4- 6 || total
---------------------------+-------+-------++-------
  Melee: Unarmed           |    67 |    44 ||   111
         Constrict         |    16 |    14 ||    30
         Tentacles         |    12 |     6 ||    18
         Punch             |     1 |     1 ||     2
   Stab: Sleeping          |     4 |     7 ||    11
 Armour: Skin              |    22 |    15 ||    37
  Dodge: Dodged            |    26 |    18 ||    44

Table legend: (Time is in decaauts)
 A = Elapsed time spent in this place.
 B = Non-inter-level travel time spent in this place.
 C = Inter-level travel time spent in this place.
 D = Time resting spent in this place.
 E = Time spent auto-exploring this place.
 F = Levels seen in this place.
 G = Mean time per level.
                   A        B        C        D        E       F      G
               +--------+--------+--------+--------+--------+-----+--------+
         Total |   2466 |   2243 |    223 |      0 |   1864 |   3 |  822.0 |
       Dungeon |   2466 |   2243 |    223 |      0 |   1864 |   3 |  822.0 |
               +--------+--------+--------+--------+--------+-----+--------+

Top non-repeatable levels by time:
     D:1: 921 daAuts
     D:2: 848 daAuts
     D:3: 696 daAuts
